 Dungeon Crawl Stone Soup version 0.32-a0-834-geaf45d8e21 (webtiles) character file.

Game seed: 10501572236541861264

6818 cforsyth the Thaumaturge (level 10, -8/57 HPs)
             Began as a Deep Elf Summoner on Mar 25, 2024.
             Was a Follower of Sif Muna.
             Mangled by an orc warrior
             ... wielding a +0 halberd
              (17 damage)
             ... on level 9 of the Dungeon.
             The game lasted 00:26:00 (10728 turns).

cforsyth the Thaumaturge (Deep Elf Summoner)       Turns: 10728, Time: 00:26:00

Health: -8/57      AC:  5    Str:  5    XL:     10   Next: 77%
Magic:  14/28      EV: 14    Int: 25    God:    Sif Muna [*.....]
Gold:   493        SH:  0    Dex: 15    Spells: 20/34 levels left

rFire   + . .        (no weapon)
rCold   + . .        (no shield)
rNeg    . . .        a - +0 robe
rPois   .            e - +1 hat
rElec   .            o - scarf {rC+ rF+}
rCorr   .            (no gloves)
SInv    .            (no boots)
Will    +....        (no amulet)
Stlth   ++           (no ring)
HPRegen 0.29/turn    (no ring)
MPRegen 0.21/turn

%: no passive effects
@: inugami summoned
A: talons 1, iridescent scales 1, wild magic 1
a: Renounce Religion, Channel Magic


You were on level 9 of the Dungeon.
You worshipped Sif Muna.
Sif Muna was aware of your devotion.
You visited 2 branches of the dungeon, and saw 10 of its levels.

You collected 493 gold pieces.


Innate Abilities, Weirdness & Mutations

You have sharp toenails.
You are partially covered in iridescent scales. (AC +2)
Your spells are a little harder to cast, but a little more powerful.


   Skills:
 + Level 4.2 Fighting
 + Level 6.8 Dodging
 - Level 2.4 Stealth
 + Level 12.9 Spellcasting
 + Level 11.4 Summonings
 - Level 4.0 Fire Magic
 - Level 4.0 Ice Magic


You had 20 spell levels left.
You knew the following spells:

 Your Spells              Type           Power      Damage    Failure   Level
c - Call Imp              Summ           100%       N/A       1%          2
f - Call Canine Familiar  Summ           77%        N/A       1%          3
l - Summon Lightning Spi  Summ/Air       55%        N/A       6%          4
z - Summon Small Mammal   Summ           100%       N/A       1%          1
X - Summon Blazeheart Go  Fire/Summ      63%        N/A       3%          4

Your spell library contained the following spells:

 Spells                   Type           Power      Damage    Failure   Level
 Foxfire                  Conj/Fire      100%       2x1d9     3%          1
 Sting                    Conj/Alch      84%        1d8       6%          1
 Mercury Vapours          Alch/Air       42%        N/A       9%          2
 Sigil of Binding         Hex            21%        N/A       16%         3
 Dimensional Bullseye     Hex/Tloc       10%        N/A       45%         4
 Olgreb's Toxic Radiance  Alch           21%        N/A       45%         4
 Plasma Beam              Fire/Air       17%        2x1d28    96%         6
 Starburst                Conj/Fire      17%        6d6       96%         6

Inventory:

Missiles
 m - 3 throwing nets {=f}
Armour
 a - a +0 robe (worn)
 e - a +1 hat (worn)
 o - a scarf of resistance (worn)
Magical Staves
 s - a staff of earth {!a}
Jewellery
 f - a ring of protection from fire
 F - a ring of protection from fire
 Y - a +4 ring of slaying
Wands
 k - a wand of flame (21)
 r - a wand of iceblast (9)
 B - a wand of charming (11)
Scrolls
 d - a scroll of silence {unknown}
 g - 2 scrolls of teleportation {@r2}
 i - 5 scrolls of fear
 n - a scroll of brand weapon
 p - 2 scrolls of summoning {unknown}
 q - a scroll of amnesia
 w - a scroll of poison {unknown}
 x - a scroll of enchant armour {unknown}
 y - 2 scrolls of enchant weapon
 A - a scroll of noise {unknown}
 C - a scroll of immolation {unknown}
 D - a scroll of fog {unknown}
Potions
 b - 2 potions of magic
 c - a potion of resistance
 h - 2 potions of mutation
 j - 4 potions of haste {@q3}
 l - a potion of berserk rage {!q}
 t - 3 potions of enlightenment {unknown}
 u - 2 potions of might {unknown}
 v - 2 potions of attraction {unknown}
 z - a potion of curing {@q1}

Dungeon Overview and Level Annotations

Branches:
Dungeon (9/15)             Temple (1/1) D:6            Lair (0/5) D:9
    Orc: D:9-12

Altars:
Ashenzari
Cheibriados
Dithmenos
Elyvilon
Fedhas
Gozag
Kikubaaqudgha
Makhleb
Nemelex Xobeh
Okawaru
Qazlal
Ru
Sif Muna
Trog
Uskayaw
Vehumet
Wu Jian
Xom
Yredelemnul
Zin
The Shining One

Shops:
D:1 *((=[   D:7 :   D:9 [

Annotations:
D:3 2 transporters, Biggs's ghost, amateur CoGl

........#.##
#........# ##..▓.▓.
......).'.#
#........# #...▓..
........###
#........# ######.
##'######
#######.## ## #...#
#.# # ###.# #.##
####### #.# #..#
#...... ####.######
######'#####......
#.........#
#@5r#>..##.'......
###########
##.#o###.#..#......
..
#..#I..#.'.##......
....
######h#.####[.....
.....#..#9..#.#
#...[..
....)h).#o###.#
#######
!!#..##{h.....# #
#########


You could see an orc warrior (ally target), a friendly cerulean imp (summoned),
a friendly quokka (summoned) and a friendly inugami (summoned).


Message History

Unknown command.
The orc warrior hits your cerulean imp with a +0 halberd!
Your cerulean imp dies!
Your cerulean imp disappears in a puff of smoke!
Unknown command.
Unknown command.
Something hits your inugami but does no damage.
Casting: Summon Lightning Spire (dangerous; 6% risk of failure)
Confirm with . or Enter, or press ? or * to list all spells.
A tiny devil pulls itself out of the air.
The orc warrior completely misses you.
Your inugami hits the orc warrior but does no damage.
Something completely misses your inugami.
Unknown command.
Unknown command.
Unknown command.
Unknown command.
Unknown command.
The orc warrior hits you from afar with a +0 halberd!
* * * LOW HITPOINT WARNING * * *
Your inugami closely misses the orc warrior.
Something hits your inugami but does no damage.
Unknown command.
Unknown command.
Unknown command.
Unknown command.
Unknown command.
Your cerulean imp hits the orc warrior with a +1 spear.
The orc warrior hits you from afar with a +0 halberd!
You die...

Skill      XL: |  1  2  3  4  5  6  7  8  9 10 |
---------------+-------------------------------+-----
Spellcasting   | 4 5 6 7 10 11 12 | 12.9
Summonings     | 5 6 7 9 10 11 | 11.4
Fire Magic     | 1 2 3 4 |  4.0
Ice Magic      | 1 2 3 4 |  4.0
Dodging        | 4 6 |  6.8
Fighting       | 2 4 |  4.2
Stealth        | |  2.4

Action                     |  1- 3 |  4- 6 |  7- 9 | 10-12 || total
---------------------------+-------+-------+-------+-------++-------
  Melee: Unarmed           |     4 |     8 |       |     4 ||    16
         Kick              |       |       |       |     2 ||     2
   Cast: Summon Small Mamm |    32 |    18 |    42 |    11 ||   103
         Call Imp          |    12 |    17 |    47 |    22 ||    98
         Call Canine Famil |    11 |     9 |    33 |    15 ||    68
         Summon Lightning  |       |       |    16 |    18 ||    34
         Summon Blazeheart |       |       |     4 |     5 ||     9
  Evoke: Wand              |       |       |     1 |       ||     1
    Use: Potion            |       |       |     2 |       ||     2
         Scroll            |       |       |     9 |       ||     9
   Stab: Distracted        |       |     1 |       |       ||     1
 Armour: Robe              |     7 |    13 |    37 |    32 ||    89
  Dodge: Dodged            |    12 |    13 |    27 |    30 ||    82

Levels and vault maps discovered:
D:1:      lemuel_arrival_room, layout_basic, serial_shops, shop,
          nicolae_shop_statue_plus, nicolae_shop_temple_entry_statues_fountains,
          shop, shop, minmay_lizard_pond
D:2:      layout_loops_corners, ebering_ecumenical_altar_box
D:3:      layout_basic, cheibrodos_ashenzari_chains, gammafunk_ghost_smash
D:4:      cheibrodos_barr_body, layout_basic, minmay_cut_off, uniq_blork_the_orc
D:5:      layout_loops_ring, grunt_gozag_breadcrumbs, nicolae_vehumet_radiance,
          uniq_eustachio
D:6:      layout_rooms, amethyst_overflow_temple_binary,
          minmay_temple_entry_hall, dreamdust_princess_corridor, uniq_grinder,
          uniq_maggie
D:7:      layout_loops_corners, ebering_dispersal_statue_hall,
          nicolae_shop_self_help
D:8:      layout_loops_ring
D:9:      layout_roguey, lair_entry_dummy, erik_orc_1, serial_shops,
          nicolae_diamond_shop, statue_in_the_mist_lemuel, uniq_grum, uniq_erica
Temple:   nicolae_temple_superstar

Notes
Turn   | Place    | Note
-------+----------+-------------------------------------------
     0 | D:1      | cforsyth the Deep Elf Summoner began the quest for the Orb.
     0 | D:1      | Reached XP level 1. HP: 10/10 MP: 6/6
    63 | D:1      | Found Avvawnel's Jewellery Boutique.
   149 | D:1      | Found Werch's Antique Weapon Emporium.
   201 | D:1      | Found Arul's General Store.
   265 | D:1      | Reached XP level 2. HP: 15/15 MP: 4/8
   268 | D:1      | Learned a level 2 spell: Call Imp
   432 | D:1      | Found Jonaaw's Armour Shoppe.
   784 | D:1      | Found Olanam's Weapon Shop.
  1105 | D:1      | Reached skill level 4 in Spellcasting
  1306 | D:2      | You fall into a shaft and drop 1 floor!
  1344 | D:3      | Reached skill level 5 in Summonings
  1344 | D:3      | Reached XP level 3. HP: 19/19 MP: 5/10
  1348 | D:3      | Learned a level 3 spell: Call Canine Familiar
  1913 | D:2      | Found a faded altar of an unknown god.
  2484 | D:3      | Found a broken altar of Ashenzari.
  2523 | D:3      | Noticed an ogre
  2523 | D:3      | Noticed an ogre
  2523 | D:3      | Noticed Biggs's ghost (amateur CoGl)
  2526 | D:3      | Identified the +11 dire flail of Hubris {protect, Str+4}
  2526 | D:3      | Noticed an ogre
  2528 | D:3      | Found a transporter.
  2532 | D:3      | Found a transporter.
  3127 | D:4      | Noticed Blork the orc
  3140 | D:4      | Killed Blork the orc
  3141 | D:4      | Reached skill level 1 in Fire Magic
  3141 | D:4      | Reached skill level 1 in Ice Magic
  3141 | D:4      | Reached XP level 4. HP: 24/24 MP: 7/12
  3146 | D:4      | Learned a level 4 spell: Summon Blazeheart Golem
  3219 | D:4      | Reached XP level 5. HP: 20/28 MP: 7/14
  3265 | D:4      | Reached skill level 5 in Spellcasting
  3388 | D:4      | Noticed an ogre
  3396 | D:4      | Killed an ogre
  3397 | D:4      | Reached skill level 2 in Fire Magic
  3397 | D:4      | Reached skill level 2 in Ice Magic
  3511 | D:4      | Noticed an ice beast
  3519 | D:4      | Reached XP level 6. HP: 32/32 MP: 9/16
  3895 | D:4      | Reached skill level 6 in Summonings
  3897 | D:4      | Reached skill level 3 in Fire Magic
  3897 | D:4      | Reached skill level 3 in Ice Magic
  3902 | D:4      | Learned a level 4 spell: Summon Lightning Spire
  4035 | D:4      | Reached skill level 6 in Spellcasting
  4072 | D:4      | Reached XP level 7. HP: 19/36 MP: 11/18
  4435 | D:4      | Reached skill level 4 in Fire Magic
  4435 | D:4      | Reached skill level 4 in Ice Magic
  4646 | D:5      | Entered Level 5 of the Dungeon
  4681 | D:5      | Reached skill level 7 in Spellcasting
  4794 | D:5      | Identified a scarf of resistance
  4807 | D:5      | Gained mutation: You have sharp toenails. [potion of
                  | mutation]
  4807 | D:5      | Gained mutation: Your spells are a little harder to cast,
                  | but a little more powerful. [potion of mutation]
  4807 | D:5      | Gained mutation: You are partially covered in iridescent
                  | scales. (AC +2) [potion of mutation]
  4811 | D:5      | Reached skill level 7 in Summonings
  4934 | D:5      | Reached XP level 8. HP: 41/41 MP: 13/21
  5054 | D:5      | Reached skill level 8 in Spellcasting
  5185 | D:5      | Found a radiant altar of Vehumet.
  5235 | D:5      | Noticed a gargoyle
  5252 | D:5      | Killed a gargoyle
  5253 | D:5      | Reached skill level 9 in Spellcasting
  5253 | D:5      | Reached skill level 8 in Summonings
  5603 | D:5      | Found an opulent altar of Gozag.
  5654 | D:5      | Noticed Eustachio
  5677 | D:5      | Killed Eustachio
  5844 | D:6      | Identified a potion of resistance
  5883 | D:6      | Reached skill level 9 in Summonings
  6052 | D:6      | Noticed Grinder
  6064 | D:6      | Found a staircase to the Ecumenical Temple.
  6079 | D:6      | Killed Grinder
  6080 | D:6      | Reached skill level 10 in Spellcasting
  6080 | D:6      | Reached XP level 9. HP: 45/45 MP: 16/25
  6277 | D:6      | Noticed Maggie
  6295 | D:6      | Killed Maggie
  6940 | D:6      | Reached skill level 11 in Spellcasting
  7005 | D:6      | Found a burning altar of Makhleb.
  7005 | D:6      | Found an ornate altar of the Wu Jian Council.
  7092 | D:7      | Reached skill level 10 in Summonings
  7337 | D:7      | Reached skill level 3 in Dodging
  7406 | D:7      | Reached skill level 1 in Fighting
  7563 | D:7      | Found Ilobum's Self-Improvement Boutique.
  8100 | D:7      | Killed an unseen horror
  8101 | D:7      | Reached skill level 2 in Fighting
  8101 | D:7      | Reached skill level 4 in Dodging
  8424 | Temple   | Entered the Ecumenical Temple
  8438 | Temple   | Became a worshipper of Sif Muna the Loreminder
  8516 | D:8      | Reached XP level 10. HP: 54/54 MP: 13/27
  8880 | D:8      | Reached skill level 5 in Dodging
  8880 | D:8      | Reached skill level 12 in Spellcasting
  9001 | D:8      | Reached skill level 3 in Fighting
  9004 | D:8      | Reached * piety under Sif Muna
  9278 | D:8      | Noticed a two-headed ogre
  9290 | D:8      | Killed a two-headed ogre
  9291 | D:8      | Reached skill level 6 in Dodging
  9291 | D:8      | Reached skill level 11 in Summonings
  9909 | D:9      | Noticed Erica
  9927 | D:9      | Killed Erica
  9928 | D:9      | Reached skill level 4 in Fighting
  9979 | D:9      | Noticed Grum
 10005 | D:9      | Killed Grum
 10305 | D:9      | Found Fiohemm's Armour Shoppe.
 10637 | D:9      | Found a staircase to the Lair.
 10728 | D:9      | Mangled by an orc warrior

Vanquished Creatures
  A yak (D:8)
  Grum (D:9)
  A gnoll bouda (D:6)
  A gnoll (D:6)
  A goblin (D:1)
  A hobgoblin (D:4)
6 creatures vanquished.

Vanquished Creatures (collateral kills)
  Erica (D:9)
  A two-headed ogre (D:8)
  A gargoyle (D:5)
  Maggie (D:6)
  An unseen horror (D:7)
  Grinder (D:6)
  5 yaks (D:8)
  Eustachio (D:5)
  A water moccasin (D:5)
  An orc warrior (D:8)
  2 black bears
  3 ice beasts
  A sky beast (D:7)
  2 ogres (D:4)
  4 wolves (D:9)
  2 phantoms
  Blork the orc (D:4)
  A kobold brigand (D:8)
  2 gnoll sergeants
  2 bullfrogs
  A scorpion (D:5)
  5 wights (D:8)
  4 killer bees (D:9)
  A howler monkey (D:5)
  4 jellies
  A bombardier beetle (D:4)
  4 hounds
  2 gnoll boudas
  2 orc priests
  2 iguanas (D:4)
  A sleepcap (D:6)
  9 orc wizards
  22 gnolls
  9 adders
  2 shadow imps
  2 white imps
  3 ufetubi
  3 ribbon worms
  30 orcs
  4 bats
  7 endoplasms
  A giant cockroach (D:1)
  7 goblins
  6 hobgoblins
  4 jackals (D:4)
  4 ball pythons
  8 frilled lizards (D:1)
  9 kobolds
  3 rats
194 creatures vanquished.

Vanquished Creatures (others)
  4 blazeheart cores
4 creatures vanquished.

Grand Total: 204 creatures vanquished

Table legend: (Time is in decaauts)
 A = Elapsed time spent in this place.
 B = Non-inter-level travel time spent in this place.
 C = Inter-level travel time spent in this place.
 D = Time resting spent in this place.
 E = Time spent auto-exploring this place.
 F = Levels seen in this place.
 G = Mean time per level.
                   A        B        C        D        E       F      G
               +--------+--------+--------+--------+--------+-----+--------+
         Total |  10730 |  10314 |    416 |    582 |   7791 |  10 | 1073.0 |
       Dungeon |  10703 |  10300 |    403 |    582 |   7791 |   9 | 1189.2 |
        Temple |     26 |     14 |     12 |      0 |      0 |   1 |   26.0 |
               +--------+--------+--------+--------+--------+-----+--------+

Top non-repeatable levels by time:
     D:7: 1539 daAuts
     D:4: 1365 daAuts
     D:5: 1288 daAuts
     D:1: 1216 daAuts
     D:6: 1171 daAuts
     D:2: 1053 daAuts
     D:9: 1033 daAuts
     D:8: 1024 daAuts
     D:3: 1011 daAuts
  Temple: 26 daAuts

Table legend:
 A = Non-vault XP
 B = Vault XP
 C = Vault XP percentage of total XP
 D = Non-vault monster count
 E = Vault monster count
 F = Vault count percentage of total count
                 A         B        C        D         E       F
            +---------+---------+-------+---------+---------+-------
      Total |    6753 |    2987 |  30.7 |     161 |      39 |  19.5
            +---------+---------+-------+---------+---------+-------
        D:1 |      29 |       7 |  19.4 |      10 |       7 |  41.2
        D:2 |      16 |       0 |   0.0 |      11 |       0 |   0.0
        D:3 |      44 |       0 |   0.0 |       9 |       0 |   0.0
        D:4 |     525 |     565 |  51.8 |      31 |      16 |  34.0
        D:5 |    1128 |     196 |  14.8 |      18 |       1 |   5.3
        D:6 |     466 |     713 |  60.5 |      21 |       2 |   8.7
        D:7 |    1221 |       0 |   0.0 |      18 |       0 |   0.0
        D:8 |    2996 |       0 |   0.0 |      35 |       0 |   0.0
        D:9 |     328 |    1506 |  82.1 |       8 |      13 |  61.9
            +---------+---------+-------+---------+---------+-------
